 Dungeon Crawl Stone Soup version 0.18.1-6-gd335043 (webtiles) character file.

513 weirdsound the Blocker (level 7, -2/52 HPs)
             Began as a Formicid Fighter on May 17, 2016.
             Slain by an orc wizard
             ... wielding a +0 dagger
              (3 damage)
             ... on level 4 of the Dungeon.
             The game lasted 00:19:01 (4064 turns).

weirdsound the Blocker (Formicid Fighter)           Turns: 4064, Time: 00:19:01

Health: -2/52      AC:  8    Str: 22    XL:     7   Next: 43%
Magic:  7/7        EV: 10    Int:  7    God:
Gold:   125        SH: 11    Dex: 11    Spells: 0 memorised, 6 levels left

rFire  + . .     SeeInvis +     u - +0 flail (crush)
rCold  + . .     Gourm    .     b - +0 scale mail
rNeg   . . .     Faith    .     c - +0 shield
rPois  +         Spirit   .     (helmet unavailable)
rElec  +         Dismiss  .     (no cloak)
rCorr  +         Reflect  .     h - +0 pair of gloves
SustAt .         Harm     .     (no boots)
MR     .....                    (no amulet)
Stlth  ..........               (no ring)
                                (no ring)

@: resistant, drained, not resistant to hostile enchantments, extremely
unstealthy
A: permanent stasis, dig shafts and tunnels, four strong arms, antennae 3
a: Dig, Shaft Self


You were on level 4 of the Dungeon.
You were not hungry.

You visited 1 branch of the dungeon, and saw 4 of its levels.

You collected 125 gold pieces.

Inventory:

Hand Weapons
 t - a +0 battleaxe of chopping
 u - a +0 flail of crushing (weapon)
Armour
 b - a +0 scale mail (worn)
 c - a +0 shield (worn)
 h - a +0 pair of gloves (worn)
Jewellery
 m - an uncursed ring of flight {unknown}
 n - a cursed ring of teleportation {unknown}
Scrolls
 e - a scroll of fog {unknown}
 g - 3 scrolls of remove curse {unknown}
 i - a scroll of recharging {unknown}
 k - a scroll of enchant weapon {unknown}
 o - a scroll of random uselessness {unknown}
 r - a scroll of magic mapping {unknown}
 w - a scroll of blinking {unknown}
Potions
 p - a potion of flight
 s - a potion of lignification {unknown}
 v - a potion of mutation {unknown}
Comestibles
 d - 2 chunks of flesh
 f - 4 bread rations
 j - 7 fruits
 l - a meat ration
 x - a beef jerky


   Skills:
 - Level 3.2(3.1) Fighting
 - Level 2.0(1.8) Maces & Flails
 - Level 5.0(4.8) Armour
 - Level 1.0(0.8) Dodging
 + Level 8.5(8.3) Shields


You had 6 spell levels left.
You didn't know any spells.

Dungeon Overview and Level Annotations

Branches:
Dungeon (4/15)
 Temple: D:4-7

Altars:
Nemelex Xobeh


Innate Abilities, Weirdness & Mutations

You are under a permanent stasis effect.
You can dig through walls and to a lower floor.
Your four strong arms can wield two-handed weapons with a shield.
You have a pair of large antennae on your head (SInv).


Message History

* * * LOW HITPOINT WARNING * * *
You block the orc warrior's attack. The howler monkey hits you.
* * * LOW HITPOINT WARNING * * *
The howler monkey bites you but does no damage.
You block the orc priest's attack. The orc wizard casts a spell at you.
The puff of frost hits the orc wizard.
The orc wizard hits you but does no damage.
You sock the orc priest!
You kill the orc priest!
The howler monkey hits you but does no damage.
The howler monkey barely misses you.
The orc warrior hits you but does no damage.
The orc priest hits you but does no damage.
You block the orc wizard's attack. You block the howler monkey's attack.
The howler monkey closely misses you.
Unknown command.
You barely miss the orc. You block the orc priest's attack.
You block the orc warrior's attack. The orc wizard hits you with a dagger.
You die...

## ... !.(.
.....#########.
...........o..o
#.# #o######.
#@oo.....
#oho......
#o........
#.........
#.........
#.........
#.........
#......... .#
#.........


You could see an orc warrior, a howler monkey, an orc priest, 2 orc wizards and
2 orcs.

Vanquished Creatures
  A water moccasin skeleton (D:3)
  3 orc priests
  4 orc wizards
  A centaur skeleton (D:4)
  2 hound skeletons
  8 adders
  An adder skeleton (D:3)
  An adder zombie (D:3)
  4 worms (D:2)
  3 dart slugs
  A giant gecko (D:2)
  16 orcs
  5 bats
  9 giant cockroaches
  7 goblins
  7 hobgoblins
  11 jackals
  12 kobolds
  A quokka (D:2)
  A ball python (D:1)
  A giant gecko skeleton (D:3)
  3 giant newts
  8 rats
110 creatures vanquished.

Notes
Turn   | Place    | Note
--------------------------------------------------------------
     0 | D:1      | weirdsound the Formicid Fighter began the quest for the Orb.
     0 | D:1      | Reached XP level 1. HP: 18/18 MP: 1/1
   140 | D:1      | Reached XP level 2. HP: 22/24 MP: 2/2
   493 | D:1      | Reached XP level 3. HP: 26/29 MP: 3/3
   857 | D:2      | Reached skill level 5 in Armour
   857 | D:2      | Reached XP level 4. HP: 34/35 MP: 4/4
   984 | D:2      | Found a faded altar to an unknown god.
  1018 | D:2      | Reached skill level 1 in Dodging
  1378 | D:2      | Reached skill level 4 in Shields
  1843 | D:2      | Reached XP level 5. HP: 39/41 MP: 5/5
  1916 | D:3      | Reached skill level 5 in Shields
  2359 | D:3      | Reached skill level 6 in Shields
  2359 | D:3      | Reached XP level 6. HP: 44/47 MP: 6/6
  2709 | D:3      | Reached skill level 7 in Shields
  3022 | D:3      | Reached XP level 7. HP: 25/52 MP: 7/7
  3224 | D:3      | Found a sparkling altar of Nemelex Xobeh.
  3757 | D:4      | Reached skill level 8 in Shields
  4062 | D:4      | HP: 2/52 [orc priest/nerve-wracking pain (3)]
  4064 | D:4      | Slain by an orc wizard

Skill      XL: |  1  2  3  4  5  6  7 |
---------------+----------------------+-----
Armour         | 4 5 |  5.0
Dodging        | 1 |  1.0
Shields        | 4 6 7 8 |  8.5
Fighting       | |  3.2
Maces & Flails | |  2.0

Action                   |  1- 3 |  4- 6 |  7- 9 || total
-------------------------+-------+-------+-------++-------
Melee: Flail             |   110 |   250 |    91 ||   451
  Use: Potion            |       |     4 |     2 ||     6
  Eat: Chunk             |       |     7 |     3 ||    10
       Fruit             |       |     1 |       ||     1
Armor: Scale mail        |    49 |   125 |    38 ||   212
Dodge: Dodged            |    39 |   107 |    48 ||   194
Block: Shield            |    43 |   173 |    80 ||   296
